 Dungeon Crawl Stone Soup version 0.28-a0-881-gae16bb6c82 (webtiles) character file.

Game seed: 15779424888957725204

2174 Peloso the Carver (level 9, -1/77 (79) HPs)
             Began as a Minotaur Fighter on Nov 21, 2021.
             Was an Elder of Okawaru.
             Slain by a wight (5 damage)
             ... on level 6 of the Dungeon.
             The game lasted 00:10:03 (6319 turns).

Peloso the Carver (Minotaur Fighter)                Turns: 6319, Time: 00:10:04

HP:   -1/77 (79)    AC:  8    Str: 23    XL:     9   Next: 11%
MP:   8/8           EV: 11    Int:  5    God:    Okawaru [****..]
Gold: 675           SH:  5    Dex: 11    Spells: 8/8 levels left

rFire   . . .      SeeInvis .   b - +10 war axe of the Wasp {vamp, rC+}
rCold   + . .      Faith    .   c - +0 buckler
rNeg    . . .      Spirit   .   q - +0 scale mail
rPois   .          Reflect  .   (helmet restricted)
rElec   .          Harm     .   (no cloak)
rCorr   .          Rampage  .   (no gloves)
Will    .....                   (no boots)
Stlth   ..........              (no amulet)
HPRegen 0.22/turn               (no ring)
MPRegen 0.11/turn               (no ring)

@: lightly drained
A: horns 2, retaliatory headbutt
a: Renounce Religion, Heroism, Finesse


You were on level 6 of the Dungeon.
You worshipped Okawaru.
Okawaru was greatly pleased with you.
You visited 1 branch of the dungeon, and saw 6 of its levels.
You also visited: Ossuary.

You collected 675 gold pieces.

Inventory:

Hand Weapons
 a - a +2 vorpal falchion
 b - the +10 war axe of the Wasp (weapon) {vamp, rC+}
   (You found it on level 4 of the Dungeon)

   It occasionally heals its wielder for a portion of the damage dealt when it
   wounds a living foe.
   rC:        It protects you from cold.
Missiles
 e - a throwing net (quivered)
Armour
 c - a +0 buckler (worn)
 q - a +0 scale mail (worn)
Jewellery
 s - an amulet of faith
Scrolls
 g - 2 scrolls of noise {unknown}
 j - 2 scrolls of brand weapon {unknown}
 k - a scroll of immolation
 l - a scroll of enchant weapon
 m - 2 scrolls of holy word
 o - 2 scrolls of magic mapping
 p - 2 scrolls of teleportation
 t - 2 scrolls of enchant armour
 u - a scroll of amnesia {unknown}
Potions
 d - 2 potions of might
 f - 3 potions of heal wounds {unknown}
 h - a potion of mutation {unknown}
 i - 5 potions of curing {unknown}
 n - a potion of degeneration {unknown}
 r - 2 potions of cancellation {unknown}


   Skills:
 + Level 7.0 Fighting
 + Level 8.7 Long Blades
 + Level 0.3 Axes
 + Level 8.5 Armour
 + Level 3.8 Dodging
 + Level 0.9 Stealth
 + Level 5.9 Shields


You had 8 spell levels left.
You didn't know any spells.
Your spell library contained the following spells:

 Spells                   Type           Power      Damage    Failure   Level
 Ensorcelled Hibernation  Hex/Ice        0%         N/A       87%         2
 Spider Form              Tmut/Pois      0%         N/A       98%         3


Dungeon Overview and Level Annotations

Branches:
Dungeon (6/15)             Temple (0/1) D:5         Ossuary (visited)

Altars:
Gozag
Hepliaklqana
Okawaru

Shops:
D:3 *   D:5 [   D:6 [

Annotations:
D:3 1 runed translucent door, xoxolimbo's ghost, weakling DsFE


Innate Abilities, Weirdness & Mutations

You have a pair of horns on your head.
You reflexively headbutt those who attack you in melee.


Message History

The shadow imp closely misses you. You furiously retaliate!
You headbutt the shadow imp.
You kill the shadow imp!
Okawaru accepts your kill.
A scorpion comes into view.
A wight comes into view. It is wielding a +3 short sword.
You hit the wight but do no damage.
The wight hits you with a +2 vorpal long sword!
You feel drained.
* * * LOW HITPOINT WARNING * * *
You closely miss the wight. The wight hits you but does no damage.
You hit the wight but do no damage. You block the wight's attack. x2
You slice the wight!!
You destroy the wight!
Okawaru accepts your kill.
You hit the scorpion. The scorpion closely misses you. You furiously retaliate!
You headbutt the scorpion!
The scorpion stings you but does no damage.
Your life force feels restored.
Your Fighting skill increases to level 7!
You hit the wight. You headbutt the wight.
The wight is moderately damaged.
Your scale mail prevents you from hitting the scorpion.
The scorpion stings you.
* * * LOW HITPOINT WARNING * * *
The wight completely misses you.
The scorpion stings you but does no damage.
The wight hits you with a +3 short sword.
* * * LOW HITPOINT WARNING * * *
You slash the wight!
You destroy the wight!
Okawaru accepts your kill.
You slash the scorpion!
You kill the scorpion!
Okawaru accepts your kill.
You can now speed up your combat.
You slash the wight!
The wight hits you with a +5 dire flail!
* * * LOW HITPOINT WARNING * * *
You feel drained.
You die...

**,,,,,,..>.,,,**
*,,,**,,....,,,,** *
*#Z,****....#**,,,*
** *#.,** *#....#
***,** ,** ##..**
*#.....# **,* ,,**
###..** ##......# **,
,,,* #####...#*
##...#*,,* **
,,,*##.......#
##†..##**,** *
,,,*#........###@..##
*,,*
,,,,...........))z##
*,,*
,,,,.............##
*,,*
,,,,............##
**,,*
,,,,...##########
*,,,* ,,,,..** *,,**
,,,,.,,* *,,,*******
,,,,,,,*******
*,,,,,,,,,,
*****,,,,,,,,**
**,,,,,,,,,


You could see a wight.

Vanquished Creatures
  Grinder (D:3)
  A sky beast (D:5)
  A hornet zombie (D:6)
  A necrophage (D:5)
  2 black bears
  2 ogres
  A centaur (D:5)
  A phantom (D:4)
  A bullfrog (D:6)
  4 scorpions
  A wyvern skeleton (D:6)
  2 wights (D:6)
  2 bullfrog zombies (D:5)
  A centaur zombie (Ossuary)
  3 jellies
  A gnoll shaman (D:5)
  2 bullfrog skeletons
  4 orc priests
  2 hounds
  2 centaur skeletons
  2 orc wizards
  An iguana (D:5)
  6 mummies (Ossuary)
  A gnoll (D:5)
  10 adders
  A shadow imp (D:6)
  2 white imps
  An adder skeleton (D:4)
  2 worms
  3 dart slugs
  16 orcs
  7 ball pythons
  3 bats
  3 endoplasms
  4 giant cockroaches
  2 hobgoblins
  4 jackals (D:4)
  4 quokkas
  3 frilled lizards
  13 goblins
  3 hobgoblin zombies (Ossuary)
  7 kobolds
  5 rats
  A spectral kobold (D:4)
139 creatures vanquished.

Notes
Turn   | Place    | Note
-------+----------+-------------------------------------------
     0 | D:1      | Peloso the Minotaur Fighter began the quest for the Orb.
     0 | D:1      | Reached XP level 1. HP: 19/19 MP: 0/0
   200 | D:1      | Reached XP level 2. HP: 21/27 MP: 1/1
  1052 | D:2      | Reached XP level 3. HP: 32/33 MP: 2/2
  1454 | D:2      | Found a faded altar of an unknown god.
  1881 | D:3      | Found an iron altar of Okawaru.
  1888 | D:3      | Became a worshipper of Warmaster Okawaru
  1908 | D:3      | Reached XP level 4. HP: 38/41 MP: 3/3
  2013 | D:3      | Found a runed translucent door.
  2013 | D:3      | Noticed xoxolimbo's ghost (weakling DsFE)
  2108 | D:3      | Noticed a black bear
  2117 | D:3      | Killed a black bear
  2118 | D:3      | Reached skill level 5 in Armour
  2118 | D:3      | Reached skill level 1 in Dodging
  2118 | D:3      | Reached XP level 5. HP: 37/47 MP: 4/4
  2279 | D:3      | Found Gozag's Platinum Reserve.
  2358 | D:3      | Noticed Grinder
  2366 | D:3      | Found an opulent altar of Gozag.
  2374 | D:3      | Paralysed by Grinder for 3 turns
  2380 | D:3      | Killed Grinder
  2380 | D:3      | Reached * piety under Okawaru
  2381 | D:3      | Reached skill level 5 in Fighting
  2381 | D:3      | Reached skill level 5 in Long Blades
  2381 | D:3      | Reached XP level 6. HP: 7/56 MP: 5/5
  2964 | D:4      | Reached ** piety under Okawaru
  2974 | D:4      | Reached XP level 7. HP: 60/61 MP: 6/6
  3440 | D:4      | Found a hazy altar of Hepliaklqana.
  3539 | D:4      | Identified the +10 war axe of the Wasp {vamp, rC+}
  3902 | D:5      | Entered Level 5 of the Dungeon
  4138 | D:5      | Reached skill level 5 in Shields
  4138 | D:5      | Reached XP level 8. HP: 61/70 MP: 7/7
  4337 | D:5      | Reached *** piety under Okawaru
  4517 | D:5      | Found a staircase to the Ecumenical Temple.
  4547 | D:5      | Found Bosk's Armour Boutique.
  5884 | D:6      | Found a sand-covered staircase.
  5890 | Ossuary  | Entered an ossuary
  6249 | D:6      | Found Qunaolep's Antique Armour Boutique.
  6281 | D:6      | Reached XP level 9. HP: 28/78 MP: 8/8
  6319 | D:6      | Reached **** piety under Okawaru
  6319 | D:6      | Slain by a wight

Illustrated notes

Levels and vault maps discovered:
D:1:      minmay_arrival_radiant_lines, layout_rooms, due_unseen_surprise
D:2:      layout_basic, serial_rivers, chequers_serial_rivers_micro_d,
          chequers_serial_rivers_micro_d, chequers_serial_rivers_small_a,
          chequers_serial_rivers_large_b,
          dreamdust_ecumenical_altar_hidden_monk_grotto, kennysheep_cross_room,
          nicolae_elevator_lobby_plus
D:3:      layout_basic, okawaru_ov_weapons_minmay,
          nicolae_gozag_zags_fifth_avenue, hellmonk_ghost_happy_afterlife,
          uniq_natasha, uniq_grinder
D:4:      layout_loops_corners, nicolae_hepliaklqana_monster_ancestors
D:5:      minmay_polygon_palace, layout_basic, minmay_temple_entry_large_hall,
          serial_shops, shop, kennysheep_dice
D:6:      layout_layer_cave, lightli_ossuary_entry_decrepit_ruins, serial_shops,
          nicolae_inconvenience_store

Skill      XL: |  1  2  3  4  5  6  7  8  9 |
---------------+----------------------------+-----
Armour         | 4 5 6 8 |  8.5
Fighting       | 4 5 6 7 |  7.0
Long Blades    | 3 4 5 6 8 |  8.7
Shields        | 4 5 |  5.9
Dodging        | 1 3 |  3.8
Axes           | |  0.3
Stealth        | |  0.9

Action                   |  1- 3 |  4- 6 |  7- 9 || total
-------------------------+-------+-------+-------++-------
Melee: Long sword        |    81 |       |       ||    81
       Headbutt          |    17 |    12 |    41 ||    70
       Falchion          |     4 |    69 |   194 ||   267
       War axe           |       |       |    15 ||    15
  Use: Potion            |       |     1 |       ||     1
       Scroll            |       |       |     7 ||     7
Armor: Scale mail        |    39 |    26 |    79 ||   144
Dodge: Dodged            |    46 |    18 |   108 ||   172
Block: Buckler           |    16 |    19 |    51 ||    86

Table legend: (Time is in decaauts)
 A = Elapsed time spent in this place.
 B = Non-inter-level travel time spent in this place.
 C = Inter-level travel time spent in this place.
 D = Time resting spent in this place.
 E = Time spent auto-exploring this place.
 F = Levels seen in this place.
 G = Mean time per level.
                   A        B        C        D        E       F      G
               +--------+--------+--------+--------+--------+-----+--------+
         Total |   6388 |   6306 |     82 |     14 |   5059 |   7 |  912.6 |
       Dungeon |   6069 |   5987 |     82 |     14 |   4852 |   6 | 1011.5 |
       Ossuary |    319 |    319 |      0 |      0 |    207 |   1 |  319.0 |
               +--------+--------+--------+--------+--------+-----+--------+

Top non-repeatable levels by time:
     D:5: 1955 daAuts
     D:2: 1309 daAuts
     D:4: 1143 daAuts
     D:3: 1014 daAuts
     D:1: 509 daAuts
 Ossuary: 319 daAuts
     D:6: 136 daAuts
